 Dungeon Crawl Stone Soup version 0.29-a0-375-g5102b3be25 (webtiles) character file.

Game seed: 13283271596181550158

154 purpskrrrp the Skirmisher (level 5, -9/73 (75) HPs)
             Began as a Hill Orc Wanderer on May 4, 2022.
             Mangled by Crazy Yiuf
             ... wielding a +2 quarterstaff of chaos
              (21 damage)
             ... on level 3 of the Dungeon.
             The game lasted 00:15:45 (2632 turns).

purpskrrrp the Skirmisher (Hill Orc Wanderer)       Turns: 2632, Time: 00:15:52

HP:   -9/73 (75)    AC: 22    Str: 14    XL:     5   Next: 35%
MP:   15/15         EV:  2    Int: 10    God:
Gold: 97            SH:  0    Dex: 18    Spells: 6/6 levels left

rFire   . . .      SeeInvis .   h - +2 dagger of Wisdom {spect, MP+9 Str-3 Dex+6 Stlth+}
rCold   . . .      Faith    .   (no shield)
rNeg    . . .      Spirit   .   (body armour currently unavailable)
rPois   +          Reflect  .   (helmet currently unavailable)
rElec   .          Harm     .   (cloak currently unavailable)
rCorr   .          Rampage  .   (gloves currently unavailable)
Will    .....      NoTele   +   (boots currently unavailable)
Stlth   +++.......              m - amulet of magic regeneration
HPRegen 0.22/turn               (no ring)
MPRegen 0.54/turn               (no ring)

@: tree-form, lightly drained
A: stationary, stasis, torment immunity, boosted hp
a: no special abilities


You were on level 3 of the Dungeon.
You were a tree.
You visited 1 branch of the dungeon, and saw 3 of its levels.

You collected 97 gold pieces.

Inventory:

Hand Weapons
 a - a +3 short sword
 h - the +2 dagger of Wisdom (weapon) {spect, MP+9 Str-3 Dex+6 Stlth+}
   (You found it on level 2 of the Dungeon)

   When its wielder attacks, the weapon's spirit leaps out and strikes again.
   The spirit shares a part of any damage it takes with its wielder.
   Str:       It affects your strength (-3).
   Dex:       It affects your dexterity (+6).
   MP:        It affects your magic capacity (+9).
   Stlth:     It makes you more stealthy.
 i - a +0 mace
 j - a +0 spear
Armour
 d - a +0 leather armour
 e - a +1 chain mail (melded)
Jewellery
 m - an amulet of magic regeneration (around neck)
Wands
 n - a wand of flame (21)
Scrolls
 l - a scroll of identify
 p - 3 scrolls of enchant armour
 q - a scroll of noise
 t - a scroll of amnesia
Potions
 f - a potion of cancellation {unknown}
 g - a potion of curing
 k - a potion of degeneration {unknown}
 o - 2 potions of attraction {unknown}
 r - a potion of flight {unknown}
 s - a potion of might {unknown}


   Skills:
 + Level 6.0 Fighting
 + Level 4.2 Short Blades
 + Level 2.2 Armour
 + Level 1.1 Dodging
 + Level 0.1 Stealth
 + Level 1.0 Spellcasting
 + Level 1.2 Invocations


You had 6 spell levels left.
You didn't know any spells.
Your spell library was empty.

Dungeon Overview and Level Annotations

Branches:
Dungeon (3/15)

Altars:
Cheibriados
Kikubaaqudgha
Qazlal
Trog
The Shining One

Annotations:
D:3 Crazy Yiuf


Message History

You kill the kobold!
Things that are here:
a +0 dagger; a kobold corpse
Things that are here:
a +0 dagger; a kobold corpse
t - a scroll of amnesia Crazy Yiuf shouts!
Could not explore, unopened runed door.
Crazy Yiuf whimpers, "Millenium cower disdain!"
You open the door.
Crazy Yiuf whimpers, "Action sing arm!"
You hit Crazy Yiuf but do no damage.
Crazy Yiuf hits you with a +2 quarterstaff of chaos!
You resist with some effort.
You hit Crazy Yiuf.
Crazy Yiuf is lightly wounded.
Crazy Yiuf hits you with a +2 quarterstaff of chaos!
You feel drained.
You barely miss Crazy Yiuf.
Crazy Yiuf is lightly wounded.
Crazy Yiuf hits you with a +2 quarterstaff of chaos.
Crazy Yiuf burns you.
You hit Crazy Yiuf.
Crazy Yiuf is lightly wounded.
Crazy Yiuf hits you with a +2 quarterstaff of chaos!
* * * LOW HITPOINT WARNING * * *
Crazy Yiuf freezes you.
* * * LOW HITPOINT WARNING * * *
As you read the scroll of fog, it crumbles to dust.
The scroll dissolves into smoke.
Crazy Yiuf laughs, "Cholesterol senile testudinal!"
Crazy Yiuf barely misses you.
Really quaff the potion of lignification?
You turn into a tree.
Your +1 chain mail melds into your body.
Your roots penetrate the ground.
Crazy Yiuf hits you with a +2 quarterstaff of chaos!
* * * LOW HITPOINT WARNING * * *
Space warps horribly around you!!
You die...

.....<..........#
...........######
...........#
...........#
#####
...#.......#
#..)#
...###..####
#...# )..)...##
§§§ #....### #g#
.....# ♣♣♣♣
.....# ♣§♣♣
.....# ♣♣§♣
≈....# ♣.♣♣
.....# ♣♣.♣♣
.....# ♣..P♣♣
...<># ♣P.PP♣
...### ##..##
§§...# ####....#


You could see Crazy Yiuf.

Vanquished Creatures
  A crimson imp (D:3)
  A hound (D:3)
  An adder (D:2)
  2 worms
  A dart slug (D:1)
  An orc (D:3)
  7 ball pythons
  7 endoplasms
  A giant cockroach (D:2)
  7 hobgoblins
  6 jackals (D:1)
  6 kobolds
  A quokka (D:1)
  6 bats
  5 frilled lizards
  3 goblins
  A goblin zombie (D:3)
  2 hobgoblin zombies (D:3)
  3 kobold skeletons (D:3)
  3 kobold zombies (D:3)
  An orc skeleton (D:3)
  6 rats
72 creatures vanquished.

Notes
Turn   | Place    | Note
-------+----------+-------------------------------------------
     0 | D:1      | purpskrrrp the Hill Orc Wanderer began the quest for the
                  | Orb.
     0 | D:1      | purpskrrrp set off with the following items: a +3 short
                  | sword, a potion of lignification, a scroll of fog, a +0
                  | leather armour
     0 | D:1      | Reached XP level 1. HP: 22/22 MP: 2/2
    30 | D:1      | Reached skill level 5 in Fighting
   214 | D:1      | Reached XP level 2. HP: 26/29 MP: 3/3
   568 | D:1      | Reached XP level 3. HP: 36/36 MP: 4/4
  1359 | D:2      | Identified the +2 dagger of Wisdom {spect, MP+9 Str-3 Dex+6
                  | Stlth+}
  1571 | D:2      | Found a snail-covered altar of Cheibriados.
  1581 | D:2      | Reached skill level 1 in Armour
  1656 | D:2      | Reached XP level 4. HP: 43/44 MP: 5/5
  2009 | D:3      | Found a glowing golden altar of the Shining One.
  2159 | D:3      | Reached XP level 5. HP: 50/50 MP: 6/6
  2169 | D:3      | Found a stormy altar of Qazlal.
  2236 | D:3      | Reached skill level 6 in Fighting
  2259 | D:3      | Found an ancient bone altar of Kikubaaqudgha.
  2290 | D:3      | Found a bloodstained altar of Trog.
  2445 | D:3      | Found a runed translucent door.
  2446 | D:3      | Noticed Crazy Yiuf
  2632 | D:3      | Mangled by Crazy Yiuf

Illustrated notes

Levels and vault maps discovered:
D:1:      dpeg_arrival_orchard, layout_basic, due_unseen_surprise
D:2:      layout_loops_ring, basic_altar
D:3:      layout_rooms, nicolae_tso_besieged_by_evil, lightli_temple_of_fire,
          nicolae_qazlal_general_emergency, mainiacjoe_overflow_boulevard,
          uniq_crazy_yiuf_cottage

Skill      XL: |  1  2  3  4  5 |
---------------+----------------+-----
Fighting       | 5 6 |  6.0
Armour         | 1 2 |  2.2
Short Blades   | 4 |  4.2
Dodging        | |  1.1
Stealth        | |  0.1
Spellcasting   | |  1.0
Invocations    | |  1.2

Action                   |  1- 3 |  4- 6 || total
-------------------------+-------+-------++-------
Melee: Short sword       |    99 |       ||    99
       Punch             |     2 |     2 ||     4
       Dagger            |    14 |    95 ||   109
  Use: Scroll            |     5 |     3 ||     8
       Potion            |       |     1 ||     1
Armor: Leather armour    |     6 |       ||     6
       Chain mail        |    47 |    57 ||   104
Dodge: Dodged            |    32 |    30 ||    62

Table legend: (Time is in decaauts)
 A = Elapsed time spent in this place.
 B = Non-inter-level travel time spent in this place.
 C = Inter-level travel time spent in this place.
 D = Time resting spent in this place.
 E = Time spent auto-exploring this place.
 F = Levels seen in this place.
 G = Mean time per level.
                   A        B        C        D        E       F      G
               +--------+--------+--------+--------+--------+-----+--------+
         Total |   2605 |   2317 |    288 |      0 |   1870 |   3 |  868.3 |
       Dungeon |   2605 |   2317 |    288 |      0 |   1870 |   3 |  868.3 |
               +--------+--------+--------+--------+--------+-----+--------+

Top non-repeatable levels by time:
     D:1: 1261 daAuts
     D:2: 730 daAuts
     D:3: 613 daAuts
